 Dungeon Crawl Stone Soup version 0.31-a0-133-gaae73658be (webtiles) character file.

Game seed: 6595702378383259187

256 Kenran the Slasher (level 6, 0/56 HPs)
             Began as a Naga Chaos Knight on June 2, 2023.
             Was a Plaything of Xom.
             Killed by divine providence
             ... invoked by an orc priest
              (13 damage)
             ... on level 4 of the Dungeon.
             The game lasted 00:05:11 (3103 turns).

Kenran the Slasher (Naga Chaos Knight)              Turns: 3103, Time: 00:05:12

Health: 0/56       AC:  9    Str: 14    XL:     6   Next: 16%
Magic:  6/6        EV:  9    Int: 12    God:    Xom [..*...]
Gold:   226        SH:  0    Dex: 13    Spells: 5/5 levels left

rFire   . . .        a - +0 falchion (chaos)
rCold   . . .        (no shield)
rNeg    + . .        k - +5 leather armour "Poffic" {rElec rN+}
rPois   +            q - +0 helmet
rElec   +            (no cloak)
rCorr   .            (no gloves)
SInv    +            (no barding)
Will    .....        (no amulet)
Stlth   ++           (no ring)
HPRegen 0.29/turn    (no ring)
MPRegen 0.10/turn

%: no passive effects
@: very slow
A: AC +2, large, see invisible, deformed body, poison resistance, slowness 2,
spit poison 1, naga tail 1
a: Spit Poison, Renounce Religion


You were on level 4 of the Dungeon.
You worshipped Xom.
You were a toy of Xom.
You visited 1 branch of the dungeon, and saw 4 of its levels.

You collected 251 gold pieces.
You spent 25 gold pieces at shops.

Inventory:

Hand Weapons
 a - a +0 falchion of chaos (weapon)
Armour
 k - the +5 leather armour "Poffic" (worn) {rElec rN+}
   (You found it on level 2 of the Dungeon)

   rElec:     It insulates you from electricity.
   rN:        It protects you from negative energy.
 q - a +0 helmet (worn)
Scrolls
 f - a scroll of noise {unknown}
 h - 2 scrolls of amnesia {unknown}
 i - 2 scrolls of teleportation {unknown}
 m - a scroll of blinking {unknown}
 n - 3 scrolls of identify {unknown}
 o - a scroll of vulnerability {unknown}
 s - a scroll of fog {unknown}
Potions
 b - a potion of heal wounds {@q2}
 d - a potion of brilliance
 e - a potion of enlightenment {unknown}
 g - a potion of lignification {unknown}
 j - a potion of curing {unknown}
 l - 2 potions of berserk rage {unknown}
 p - a potion of attraction {unknown}
 r - a potion of degeneration {unknown}
Miscellaneous
 c - a piece from Xom's chessboard (15/15) (quivered)


   Skills:
 - Level 3.0 Fighting
 + Level 6.3 Long Blades
 - Level 1.5 Armour
 - Level 0.7 Dodging
 - Level 3.0 Stealth


You had 5 spell levels left.
You didn't know any spells.
Your spell library contained the following spells:

 Spells                   Type           Power      Damage    Failure   Level
 Sandblast                Erth           0%         2d4       38%         1
 Summon Small Mammal      Summ           0%         N/A       38%         1
 Passwall                 Tmut/Erth      0%         N/A       52%         2
 Sublimation of Blood     Necr           0%         N/A       52%         2
 Wereblood                Tmut           0%         N/A       52%         2
 Call Canine Familiar     Summ           0%         N/A       77%         3
 Inner Flame              Hex/Fire       0%         N/A       77%         3
 Stone Arrow              Conj/Erth      0%         3d7       77%         3
 Summon Guardian Golem    Hex/Summ       0%         N/A       77%         3
 Yara's Violent Unravell  Hex/Tmut       0%         3d3       100%        5
 Enfeeble                 Hex            0%         N/A       100%        7
 Summon Hydra             Summ           0%         N/A       100%        7


Dungeon Overview and Level Annotations

Branches:
Dungeon (4/15)
 Temple: D:4-7

Altars:
Zin

Shops:
D:1 [   D:2 *(=

Annotations:
D:3 3 runed translucent doors, Voker57's ghost, amateur DsGl
D:4 Duvessa


Innate Abilities, Weirdness & Mutations

Your serpentine skin is tough. (AC +2)
You have supernaturally acute eyesight. (SInv)
Armour fits poorly on your strangely shaped body.
Your system is resistant to poisons. (rPois)
You cover ground very slowly.
You can spit poison.
You have a snake-like lower body.


Message History

The scorpion is almost dead.
You kill the scorpion!
Your Long Blades skill increases to level 6!
You have reached level 6!
Your skin feels tougher.
You have got your breath back.
Aiming: Spit Poison (1% risk of failure)
Press: ? - help, Shift-Dir - straight line, f - orc priest
Aim: an orc priest, wielding a +0 club and wearing a +0 ring mail (65% to hit)
The splash of poison hits the orc priest.
The orc priest is lightly wounded.
You barely miss the orc priest.
The orc priest is lightly wounded.
Duvessa, Sister of Dowan comes into view.
She is wielding a +0 short sword.
The orc priest mumbles some strange prayers to Beogh against you.
Beogh smites you!
You barely miss the orc priest.
The orc priest is lightly wounded.
The orc priest barely misses you.
You hit the orc priest but do no damage.
The orc priest suddenly seems more resistant.
The orc priest is lightly wounded.
You have got your breath back.
The orc priest hits you but does no damage.
You hit the orc priest. You burn the orc priest.
The orc priest is heavily wounded.
The orc priest invokes the aid of Beogh against you.
Beogh smites you!
* * * LOW HITPOINT WARNING * * *
The orc hits you with a +0 club.
* * * LOW HITPOINT WARNING * * *
An orc wizard comes into view. It is wielding a +0 dagger.
The orc wizard shouts!
You hit the orc priest.
The orc priest is moving more slowly.
The orc priest is severely wounded.
You hear an angry hiss.
The orc priest calls down the wrath of Beogh upon you.
Beogh smites you!
You die...
Xom cackles wildly!

#...... P♣ #...... ..#
#######.# ##### .. #..##
#.# ###.#..##.. ##..#
#.# ........#. ##.###.#
......... #...#.#
......o.###### #####....
....e.o@..<..###........
....o#######...#.....#..
... ###.......#.. .
###.....#.. ###.....#..
## ##.......... ...
#...#....... ..
##..~#.......
####.#..~~#.#...##


You could see Duvessa, an orc priest (resistant, petrifying), an orc wizard and
an orc.

Vanquished Creatures
  A scorpion (D:4)
  An orc priest (D:3)
  Robin (D:4)
  5 adders
  2 worms
  A dart slug (D:4)
  8 orcs
  2 endoplasms
  5 giant cockroaches
  7 hobgoblins
  2 jackals (D:3)
  3 quokkas
  7 ball pythons
  2 bats
  2 frilled lizards
  12 goblins
  6 kobolds
  4 rats
71 creatures vanquished.

Vanquished Creatures (collateral kills)
  An orc wizard (D:3)
  A worm (D:3)
2 creatures vanquished.

Vanquished Creatures (others)
  An orc wizard (D:3)
1 creature vanquished.

Grand Total: 74 creatures vanquished

Notes
Turn   | Place    | Note
-------+----------+-------------------------------------------
     0 | D:1      | Kenran the Naga Chaos Knight began the quest for the Orb.
     0 | D:1      | Reached XP level 1. HP: 21/21 MP: 1/1
    25 | D:1      | XOM: silly message
    62 | D:1      | Reached skill level 1 in Stealth
   153 | D:1      | Reached XP level 2. HP: 28/28 MP: 2/2
   323 | D:1      | XOM: silly message
   340 | D:1      | XOM: silly message
   348 | D:1      | Found Weownodu's Antique Armour Shoppe.
   791 | D:2      | Reached XP level 3. HP: 27/34 MP: 3/3
  1192 | D:2      | Found Nuyqim's Jewellery Emporium.
  1253 | D:2      | Found Giveq's Weapon Boutique.
  1260 | D:2      | Found Pefor's Assorted Antiques.
  1271 | D:2      | Bought a scroll labelled VUMYTS CEFIL for 25 gold pieces
  1356 | D:2      | Identified the +5 leather armour "Poffic" {rElec rN+}
  1749 | D:3      | Reached skill level 4 in Long Blades
  1754 | D:3      | Reached XP level 4. HP: 39/42 MP: 4/4
  1847 | D:3      | Reached skill level 5 in Long Blades
  1885 | D:3      | Reached XP level 5. HP: 49/49 MP: 5/5
  2234 | D:3      | XOM: silly message
  2366 | D:3      | Found a glowing silver altar of Zin.
  2406 | D:3      | Found a runed translucent gate.
  2406 | D:3      | Found a runed translucent gate.
  2411 | D:3      | Found a runed translucent gate.
  2412 | D:3      | Noticed Voker57's ghost (amateur DsGl)
  2459 | D:3      | XOM: silly message
  2705 | D:4      | Noticed Robin
  2731 | D:4      | Killed Robin
  3093 | D:4      | XOM: noise
  3097 | D:4      | Reached skill level 6 in Long Blades
  3097 | D:4      | Reached XP level 6. HP: 39/56 MP: 6/6
  3099 | D:4      | Noticed Duvessa
  3103 | D:4      | Killed from afar by an orc priest

Illustrated notes

Levels and vault maps discovered:
D:1:      dpeg_arrival_signposts, layout_basic, serial_shops, shop
D:2:      layout_loops_corners, serial_co_window_serial,
          co_window_of_opportunity_a, co_window_of_opportunity_a,
          co_window_cross_1, co_window_corner_a, co_window_of_opportunity_a,
          co_window_paths_c, co_window_unsneaky_path_d, co_window_2corner,
          glass_columns_a, glass_columns_a, glass_columns_a, serial_shops,
          nicolae_square_shop, nicolae_shop_rolling_square, shop
D:3:      wad_river_or_something, layout_loops_ring, zin_academy,
          gammafunk_ghost_necromancy
D:4:      layout_rooms, moated_statue, uniq_crazy_yiuf_cottage, uniq_robin,
          uniq_blork_the_orc, uniq_duvessa

Skill      XL: |  1  2  3  4  5 |
---------------+----------------+-----
Stealth        | 2 3 |  3.0
Long Blades    | 4 5 6 |  6.3
Fighting       | |  3.0
Armour         | |  1.5
Dodging        | |  0.7

Action                     |  1- 3 |  4- 6 || total
---------------------------+-------+-------++-------
  Melee: Falchion          |    78 |   137 ||   215
         Punch             |     1 |     2 ||     3
Ability: Spit Poison       |     3 |     4 ||     7
    Use: Potion            |       |     2 ||     2
   Stab: Sleeping          |     7 |     2 ||     9
         Petrified         |       |     4 ||     4
         Petrifying        |       |     2 ||     2
 Armour: Leather armour    |    17 |    93 ||   110
  Dodge: Dodged            |    40 |    67 ||   107

Table legend: (Time is in decaauts)
 A = Elapsed time spent in this place.
 B = Non-inter-level travel time spent in this place.
 C = Inter-level travel time spent in this place.
 D = Time resting spent in this place.
 E = Time spent auto-exploring this place.
 F = Levels seen in this place.
 G = Mean time per level.
                   A        B        C        D        E       F      G
               +--------+--------+--------+--------+--------+-----+--------+
         Total |   4101 |   3982 |    119 |    268 |   2907 |   4 | 1025.2 |
       Dungeon |   4101 |   3982 |    119 |    268 |   2907 |   4 | 1025.2 |
               +--------+--------+--------+--------+--------+-----+--------+

Top non-repeatable levels by time:
     D:3: 1302 daAuts
     D:2: 1237 daAuts
     D:1: 1052 daAuts
     D:4: 508 daAuts
